 Dungeon Crawl Stone Soup version 0.19-a0-27-g415f530 (webtiles) character file.

102 M4edhros the Insei (level 4, -4/27 HPs)
             Began as an Octopode Necromancer on May 1, 2016.
             Slain by M4edhros's ghost (6 damage)
             ... on level 3 of the Dungeon on May 2, 2016.
             The game lasted 00:04:32 (986 turns).

M4edhros the Insei (Octopode Necromancer)            Turns: 986, Time: 00:04:33

Health: -4/27      AC:  6    Str:  6 (7)  XL:     4   Next: 77%
Magic:  2/7        EV: 12    Int: 20 (22) God:
Gold:   118        SH:  0    Dex: 13      Spells: 3 memorised, 2 levels left

rFire  . . .     SeeInvis .     m - +0 flail (protect)
rCold  . . .     Gourm    .     (no shield)
rNeg   . . .     Faith    .     (helmet restricted)
rPois  .         Spirit   .     (no amulet)
rElec  .         Dismiss  .     (no ring)
rCorr  .         Reflect  .     (no ring)
SustAt .         Harm     .     (no ring)
MR     .....                    (no ring)
Stlth  +++.......               (no ring)
                                (no ring)
                                (no ring)
                                (no ring)

@: brilliant, lethally poisoned (-4 -> -13), not resistant to hostile
enchantments, fairly stealthy
A: almost no armour, amphibious, 8 rings, constrict 8, camouflage 1, gelatinous
body 1
a: no special abilities


You were on level 3 of the Dungeon.
You were hungry.

You visited 1 branch of the dungeon, and saw 3 of its levels.

You collected 118 gold pieces.

Inventory:

Hand Weapons
 m - a +0 flail of protection (weapon)
Wands
 h - a wand of disintegration (4/24)
Scrolls
 c - a scroll of teleportation {unknown}
 d - 2 scrolls of amnesia {unknown}
 e - a scroll of identify {unknown}
 f - a scroll of immolation {unknown}
 g - a scroll of remove curse {unknown}
 i - a scroll of blinking {unknown}
Books
 a - a book of Necromancy

   Spells                             Type                      Level
   a - Pain                           Necromancy                   1
   b - Animate Skeleton               Necromancy                   1
   c - Vampiric Draining              Necromancy                   3
   d - Regeneration                   Charms/Necromancy            3
   e - Animate Dead                   Necromancy                   4
   f - Control Undead                 Necromancy                   4
Comestibles
 b - 2 bread rations
 k - a meat ration
 l - 2 chunks of flesh


   Skills:
 - Level 2.0 Dodging
 - Level 2.6 Stealth
 + Level 4.2 Unarmed Combat
 - Level 2.0 Spellcasting
 - Level 4.0 Necromancy


You had 2 spell levels left.
You knew the following spells:

 Your Spells              Type           Power        Failure   Level  Hunger
a - Pain                  Necr           ####         1%          1    #......
b - Animate Skeleton      Necr           N/A          1%          1    #......
r - Regeneration          Chrm/Necr      ###.......   2%          3    ###....


Dungeon Overview and Level Annotations

Branches:
Dungeon (3/15)

Altars:
Ashenzari
Makhleb

Annotations:
D:3 M4edhros's ghost, weakling OpNe


Innate Abilities, Weirdness & Mutations

You cannot wear most types of armour.
You are amphibious.
You can wear up to eight rings at the same time.
You can use your tentacles to constrict eight enemies at once.
Your skin changes colour to match your surroundings (Stealth).
Your rubbery body absorbs attacks (AC +1).


Message History

Okay, then.
You hit the adder but do no damage.
The adder is severely wounded.
You constrict the adder, but do no damage.
* * * LOW HITPOINT WARNING * * *
You feel sick. The adder bites you.
* * * LOW HITPOINT WARNING * * *
You hit the adder.
You kill the adder!
* * * LOW HITPOINT WARNING * * *
You feel sick.
Unknown command.
You barely miss M4edhros's ghost.
* * * LOW HITPOINT WARNING * * *
You feel sick. M4edhros's ghost misses you.
M4edhros's ghost closely misses you.
You barely miss M4edhros's ghost.
* * * LOW HITPOINT WARNING * * *
You feel sick. M4edhros's ghost hits you.
You die...

#### ## ### ..# #. ... #.#
#.# #.# #.###.##### #.# #$#
#.......... #.###.#
#####.#####
#.#...#############.#
#..###.W@...........# #..#
#.######.####.†# #..###..#
##...###..#
###....W#.#....#......#####
##......##.#.##...##........
######............###
####..#####
................### #.# #..#
######..........# #.####..#
.######.#.......# #.##....#


You could see M4edhros's ghost.

Vanquished Creatures
  A hound (D:2)
  2 adders
  A worm (D:3)
  2 dart slugs (D:2)
  8 orcs (D:3)
  4 bats
  4 goblins
  3 hobgoblins
  3 kobolds
  2 quokkas
  A ball python (D:3)
  3 giant newts
  3 rats
37 creatures vanquished.

Notes
Turn   | Place    | Note
--------------------------------------------------------------
     0 | D:1      | M4edhros the Octopode Necromancer began the quest for the Orb.
     0 | D:1      | Reached XP level 1. HP: 11/11 MP: 3/3
    86 | D:1      | Reached skill level 1 in Unarmed Combat
   114 | D:1      | Reached XP level 2. HP: 2/17 MP: 0/5
   373 | D:2      | Reached XP level 3. HP: 16/21 MP: 0/6
   376 | D:2      | Learned a level 1 spell: Animate Skeleton
   380 | D:2      | Learned a level 3 spell: Regeneration
   381 | D:3      | Noticed M4edhros's ghost (weakling OpNe)
   460 | D:2      | Found a burning altar of Makhleb.
   481 | D:2      | HP: 1/21 [hound (5)]
   485 | D:2      | Reached XP level 4. HP: 5/27 MP: 2/7
   569 | D:3      | Found a shattered altar of Ashenzari.
   986 | D:3      | Slain by M4edhros's ghost

Vault maps used:
D:1:      kennysheep_arrival_forest, minmay_shallow_snake_nest
D:2:      minmay_misc_feat_room, makhleb_heckhound_becter
D:3:      ashenzari_altar_1, first_bread, corexii_corridor_pit

Skill      XL: |  1  2  3  4 |
---------------+-------------+-----
Unarmed Combat | 1 2 3 4 |  4.2
Dodging        | |  2.0
Stealth        | |  2.6
Spellcasting   | |  2.0
Necromancy     | |  4.0

Action                   |  1- 3 |  4- 6 || total
-------------------------+-------+-------++-------
Melee: Unarmed           |    31 |    42 ||    73
       Constrict         |     6 |    13 ||    19
       Tentacles         |     3 |     8 ||    11
       Flail             |       |    12 ||    12
       Punch             |       |     1 ||     1
 Cast: Pain              |    25 |     4 ||    29
       Regeneration      |     2 |     8 ||    10
  Use: Scroll            |     3 |       ||     3
       Potion            |     3 |     1 ||     4
 Stab: Sleeping          |     2 |     1 ||     3
  Eat: Chunk             |       |     2 ||     2
Armor: Skin              |     8 |    12 ||    20
Dodge: Dodged            |    17 |    18 ||    35
